 Dungeon Crawl Stone Soup version 0.29.0-5-ge4962eb29e (console) character file.

Game seed: 17516132973657880429

4 odiv the Trooper (level 1, -9/18 HPs)
             Began as a Demonspawn Wanderer on Aug 28, 2022.
             Mangled by a gnoll
             ... wielding a +0 flail
              (12 damage)
             ... on level 1 of the Dungeon.
             The game lasted 00:01:39 (138 turns).

odiv the Trooper (Demonspawn Wanderer)               Turns: 138, Time: 00:01:40

Health: -9/18      AC:  4    Str: 10    XL:     1   Next: 50%
Magic:  1/2        EV: 12    Int: 16    God:
Gold:   11         SH:  0    Dex: 11    Spells: 1/2 levels left

rFire   . . .      SeeInvis .   a - +0 dagger
rCold   . . .      Faith    .   (no shield)
rNeg    . . .      Spirit   .   d - +0 robe
rPois   .          Reflect  .   (no helmet)
rElec   .          Harm     .   b - +1 cloak
rCorr   .          Rampage  .   (no gloves)
Will    .....                   (no boots)
Stlth   +.........              (no amulet)
HPRegen 0.06/turn               (no ring)
MPRegen 0.08/turn               (no ring)

@: no status effects
A: no striking features
a: no special abilities


You were on level 1 of the Dungeon.
You visited 1 branch of the dungeon, and saw 2 of its levels.

You collected 11 gold pieces.

Inventory:

Hand Weapons
 a - a +0 dagger (weapon)
 f - a +0 rapier
Armour
 b - a +1 cloak (worn)
 d - a +0 robe (worn)
Scrolls
 e - a scroll of fog
Potions
 c - a potion of brilliance


   Skills:
 - Level 3.0 Fighting
 - Level 1.0 Throwing
 - Level 2.6 Dodging
 - Level 1.0 Spellcasting
 + Level 2.4 Hexes


You had one spell level left.
You knew the following spells:

 Your Spells              Type           Power      Damage    Failure   Level
a - Slow                  Hex            32%        N/A       9%          1

Your spell library contained the following spells:

 Spells                   Type           Power      Damage    Failure   Level
 Anguish                  Hex/Necr       2%         N/A       80%         4
 Fulminant Prism          Conj/Hex       2%         3d6       80%         4


Dungeon Overview and Level Annotations

Branches:
Dungeon (2/15)

Altars:


Message History

There is a stone staircase leading down here.
The kobold hits you but does no damage. The kobold attacks as you move away!
The kobold hits you with a +0 dagger.
Casting: Slow (safe; 9% risk of failure)
Confirm with . or Enter, or press ? or * to list all spells.
Aiming: Slow (safe; 9% risk of failure)
Press: ? - help, Shift-Dir - straight line, f - gnoll
Aim: a gnoll, wielding a +0 flail (chance to affect: 54%)
The gnoll resists with significant effort.
The gnoll hits you with a +0 flail!
Ouch! That really hurt!
* * * LOW HITPOINT WARNING * * *
As you read the scroll labelled RIWNAOXAUF, it crumbles to dust.
You hear a loud clanging noise!
It was a scroll of noise.
You hear an angry hiss.
The gnoll barely misses you.
As you read the scroll labelled WUIMNU KAHUER, it crumbles to dust.
It is a scroll of enchant armour.
Your +0 cloak glows green for a moment.
The gnoll barely misses you.
Okay, then.
Okay, then.
The air fills with toxic fumes!
As you read the scroll labelled BIRGHE WUIRUOR, it crumbles to dust.
It was a scroll of poison.
The gnoll barely misses you.
Really walk into that cloud of poison gas?
Okay, then.
Press: ? - help, v - describe, . - travel
Here: a gnoll, wielding a +0 flail The floor.
Unknown command.
Really walk into that cloud of poison gas?
Okay, then.
You closely miss the gnoll. The gnoll hits you but does no damage.
You aren't carrying any items that you can evoke.
Okay, then.
You hit the gnoll but do no damage. The gnoll barely misses you.
You barely miss the gnoll. The gnoll hits you with a +0 flail!
Ouch! That really hurt!
You die...

####### ..§§§..
.§§§§..
#####§§§§§..
####§§g§§§§§§..
#§§§§@#........
#§§§§§#........
#§§§§§#.#######
####§##.# ##
#§##.# #..
#§##.# #.#
#§##.# #.#
#§##.# ##.#
#.##.#
####..####


You could see a gnoll.

Vanquished Creatures
  A dart slug (D:2)
  A goblin (D:2)
2 creatures vanquished.

Notes
Turn   | Place    | Note
-------+----------+-------------------------------------------
     0 | D:1      | odiv the Demonspawn Wanderer began the quest for the Orb.
     0 | D:1      | odiv set off with the following items: a +0 dagger, a +0
                  | cloak, a potion of brilliance, a +0 robe, a scroll of fog;
                  | and the following spell memorised: Slow; and the following
                  | spells available to memorise: Anguish, Fulminant Prism.
     0 | D:1      | Reached XP level 1. HP: 18/18 MP: 2/2
   138 | D:1      | Mangled by a gnoll

Illustrated notes

Levels and vault maps discovered:
D:1:      roderic_crossed_star, layout_basic, nicolae_kite_square_tiling_tiny,
          amcnicky_mini_pool_small
D:2:      layout_basic

Action                   || total
-------------------------++-------
Melee: Dagger            ||    12
 Cast: Slow              ||     1
  Use: Scroll            ||     3
Armor: Robe              ||     5
Dodge: Dodged            ||    17
